AoeStats
← miguelon01

Black Forest

507850142Analyzed
4v4 RM · 13d ago on Sep 19, 2026· 50m 31s· 8 players
Game mode
Random Map
Map size
Large (8 player)
Population
200
Speed
Normal
Resources
Standard
Victory
Conquest
Starting age
Dark Age
Ending age
Imperial Age
RankedLock teamsTeams togetherTeam positionsShared explorationLock speedFull tech treeHidden civsTurbo modeCheats
Victory
Defeat
🇫🇷 Persians · France
1271
+13
🇧🇷 Franks · Brazil
1227
+15
🇨🇳 Japanese · China
1162
+17
🇧🇷 Vietnamese · Brazil
1143
+17
🇨🇴 Cumans · Colombia
1256
-18
🇳🇱 Teutons · Netherlands
1194
-16
🇨🇴 Turks · Colombia
1161
-14
🇦🇷 Slavs · Argentina
1158
-14
taisho84
12:24 Feudal Age
13:00 Double-Bit Axe
12:56 Horse Collar
20:02 Castle Age
18:27 Stone Mining
21:52 Bow Saw
21:43 Heavy Plow
22:49 Loom
33:24 Imperial Age
31:12 Fletching
31:23 Scale Mail Armor
31:36 Masonry
31:44 Gold Mining
31:34 Pikeman
33:54 Squires
33:54 Bodkin Arrow
34:09 Forging
34:12 Fortified Wall
35:08 Chemistry
34:41 Crenellations
33:46 Halberdier
35:22 Conscription
38:43 Elite Teutonic Knight
40:18 Iron Casting
39:59 Chain Mail Armor
40:51 Two-Man Saw
40:22 Crop Rotation
40:14 Ballistics
39:40 Arrowslits
41:18 Hoardings
TVHG - Harold Barón
10:31 Feudal Age
12:34 Loom
17:53 Castle Age
15:43 Horse Collar
16:32 Double-Bit Axe
16:41 Gold Mining
22:56 Wheelbarrow
22:57 Scale Barding Armor
23:03 Forging
24:02 Chain Barding Armor
23:59 Bow Saw
23:51 Heavy Plow
24:51 Hand Cart
28:59 Imperial Age
29:44 Gold Shaft Mining
28:59 Town Watch
30:36 Crop Rotation
30:49 Plate Barding Armor
30:50 Iron Casting
30:50 Caravan
31:20 Coinage
31:01 Guilds
31:07 Town Patrol
31:24 Bloodlines
30:35 Cavalier
32:54 Paladin
38:27 Blast Furnace
(ATARB)TheWitcher32
0:45 Loom
11:36 Feudal Age
16:24 Castle Age
15:06 Double-Bit Axe
15:34 Gold Mining
25:19 Horse Collar
26:20 Heavy Plow
33:48 Imperial Age
31:38 Bow Saw
33:01 Ballistics
33:49 Wheelbarrow
34:34 Gold Shaft Mining
33:52 Town Watch
39:52 Bombard Tower
[ATARB]PELUCHE GUACHIN
7:01 Loom
11:43 Feudal Age
12:50 Horse Collar
13:25 Double-Bit Axe
13:37 Gold Mining
19:09 Castle Age
17:22 Scale Mail Armor
19:35 Forging
20:35 Bow Saw
20:29 Heavy Plow
20:09 Pikeman
27:39 Iron Casting
27:19 Chain Mail Armor
28:11 Wheelbarrow
29:56 Hand Cart
31:47 Gold Shaft Mining
31:37 Stone Mining
34:08 Squires
37:13 Imperial Age
34:58 Fortified Wall
37:17 Capped Ram
38:03 Druzhina
38:24 Conscription
37:27 Halberdier
39:11 Blast Furnace
38:41 Plate Mail Armor
38:19 Siege Ram
48:39 Chemistry
Aragorn
6:32 Loom
10:44 Feudal Age
12:28 Double-Bit Axe
15:22 Castle Age
15:59 Wheelbarrow
24:39 Town Watch
25:37 Bow Saw
30:10 Imperial Age
27:59 Hand Cart
27:46 Town Patrol
27:41 Gold Mining
27:44 Stone Mining
29:42 Gold Shaft Mining
29:19 Forging
29:14 Scale Barding Armor
30:19 Husbandry
31:42 Iron Casting
31:27 Chain Barding Armor
32:11 Chemistry
30:36 Cavalier
32:13 Caravan
32:43 Coinage
32:42 Ballistics
32:33 Masonry
32:19 Murder Holes
32:15 Arrowslits
32:34 Paladin
34:34 Banking
34:15 Siege Engineers
36:26 Conscription
37:30 Blast Furnace
37:05 Plate Barding Armor
37:11 Chivalry
43:36 #83
45:45 Hoardings
44:57 Elite Throwing Axeman
45:43 Fletching
45:53 Padded Archer Armor
45:54 Scale Mail Armor
46:54 Bodkin Arrow
47:32 Leather Archer Armor
47:19 Scale Mail Armor
50:59 Chain Mail Armor
51:29 Architecture
Psychedelonaut
8:43 Loom
11:24 Feudal Age
11:49 Double-Bit Axe
12:12 Horse Collar
15:05 Castle Age
14:34 Wheelbarrow
18:26 Heavy Plow
22:14 Town Watch
23:24 Bow Saw
26:28 Hand Cart
32:45 Imperial Age
30:38 Forging
30:34 Scale Barding Armor
31:06 Caravan
31:06 Gold Mining
31:06 Stone Mining
31:57 Iron Casting
31:43 Chain Barding Armor
32:24 Elite War Elephant
33:25 Conscription
34:06 Blast Furnace
33:42 Plate Barding Armor
33:56 Crop Rotation
34:57 Chemistry
33:40 Onager
40:03 Citadels
39:52 Murder Holes
40:17 Ballistics
50:00 Devotion
miguelon01
0:47 Loom
12:40 Feudal Age
17:07 Double-Bit Axe
20:15 Castle Age
19:20 Stone Mining
22:52 Wheelbarrow
25:48 Horse Collar
26:53 Fletching
27:37 Gold Mining
28:46 Bow Saw
29:13 Heavy Plow
29:56 Bodkin Arrow
35:14 Imperial Age
32:57 Treadmill Crane
33:20 Padded Archer Armor
32:41 Crossbowman
35:14 Thumb Ring
35:37 Leather Archer Armor
36:02 Bracer
37:14 Two-Man Saw
36:32 Arbalester
38:35 Ballistics
39:05 Murder Holes
39:15 Squires
39:01 Arson
40:02 Guard Tower
40:26 Forging
40:16 Scale Mail Armor
39:41 Pikeman
43:45 Ring Archer Armor
44:50 Chemistry
45:09 Halberdier
47:21 Hand Cart
48:03 Chain Mail Armor
49:10 Iron Casting
48:50 Halberdier
50:26 Plate Mail Armor
围家建筑工
0:28 Loom
13:16 Feudal Age
15:15 Double-Bit Axe
18:11 Castle Age
17:11 Horse Collar
17:27 Stone Mining
25:05 Gold Mining
26:52 Gold Shaft Mining
27:03 Wheelbarrow
26:30 Heavy Plow
31:24 Imperial Age
29:15 Scale Mail Armor
31:02 Fortified Wall
31:40 Chain Mail Armor
33:22 Chemistry
33:18 Ballistics
33:33 Conscription
33:55 Plate Mail Armor
34:12 Kataparuto
34:05 Scale Barding Armor
34:01 Padded Archer Armor
34:22 Bow Saw
35:44 Chain Barding Armor
34:53 Pikeman
35:34 Squires
35:20 Arson
36:11 Town Watch
36:41 Hand Cart
36:31 Halberdier
39:02 Forging
38:43 Fletching
39:08 Leather Archer Armor
41:11 Iron Casting
45:20 Two-Man Saw
43:45 Elite Samurai
45:48 Blast Furnace
45:55 Caravan
46:25 Coinage
50:43 Bodkin Arrow
Connection lost

Rejoining the realm…

Still unreachable

The connection could not be restored.

Session expired

The server has moved on; the page needs a fresh start.